Harfangs vs Diables
(R1)
Created - April 25, 2020 at 20:01
Goals
|
| Harfangs |
0 |
2 |
1 |
3 |
| Diables |
3 |
1 |
1 |
5 |
|
Shots
|
| Harfangs |
12 |
21 |
13 |
46 |
| Diables |
14 |
6 |
6 |
26 |
|
1st period
1. Diables , Brock McGinn 39 (Alex Tuch 13, Aleksander Barkov 48) at 9:12
2. Diables , Pavel Buchnevich 36 (Max Domi 61, Nikita Zadorov 9) at 14:33
3. Diables , Max Domi 40 (Aleksander Barkov 49, Pavel Buchnevich 48) at 16:07 (PP)
Penalties :
Mark Alt (BEA) for Hooking (Minor) at 15:26, Eric Gustafsson (Alm) for Tripping (Minor) at 19:32
2nd period
4. Harfangs , Morgan Klimchuk 14 (Cristoval Nieves 12, Jake Dotchin 22) at 2:12
5. Diables , Brock McGinn 40 (Will Butcher 57, Alex Nedeljkovic) at 4:50
6. Harfangs , Calle Jarnkrok 41 (Brandon McMillan 38, Ryan Hartman 35) at 9:28 (PP)
Penalties :
Brock McGinn (Alm) for Tripping (Minor) at 2:34, Max Domi (Alm) for Holding (Minor) at 7:37, Brett Lernout (Alm) for Holding (Minor) at 16:50
3rd period
7. Diables , Frederik Gauthier 18 (Brock McGinn 50) at 18:16 (SH)
8. Harfangs , Victor Bartley 6 (Dylan Olsen 36) at 18:28 (PP)
Penalties :
Eric Gustafsson (Alm) for Interference (Minor) at 1:30, Mark Jankowski (Alm) for Hooking (Minor) at 4:08, Carl Gunnarsson (Alm) for Roughing (Minor) at 7:18, C.J Suess (Alm) for Roughing (Double Minor) at 10:13, Nail Yakupov (Alm) for Slashing (Minor) at 17:28
Goalie Stats
Anton Forsberg (BEA), 11 saves from 15 shots - (0.733), L, 26-19-4, 24:50 minutes
Ilya Sorokin (BEA), 10 saves from 11 shots - (0.909), 35:10 minutes
Alex Nedeljkovic (Alm), 43 saves from 46 shots - (0.935), W, 16-15-8, 60:00 minutes
Players Stats for Harfangs
Player Name G A P +/- PIM S H SB GA TA FO MP PP MP PK MP
------------------------------------------------------------------------------------
Anthony Angello 0 0 0 0 0 0 0 0 0 0 0/0 0:00 0:00 0:00
Blake Heinrich 0 0 0 1 0 3 1 0 0 0 0/0 10:22 0:00 0:12
Brandon McMillan 0 1 1 -1 0 1 2 1 1 0 0/1 16:37 7:50 0:00
Brendan Leipsic 0 0 0 0 0 0 0 0 0 0 1/1 2:06 1:43 0:00
Calle Jarnkrok 1 0 1 -1 0 4 0 1 0 0 9/11 16:46 7:50 0:09
Cristoval Nieves 0 1 1 1 0 0 0 0 2 0 0/2 7:37 0:21 0:00
Devon Teows 0 0 0 0 0 0 1 0 0 0 0/0 4:20 0:00 0:00
Dylan Olsen 0 1 1 -3 0 5 2 2 0 2 0/0 27:27 11:39 0:29
Erik Nystrom 0 0 0 -1 0 1 1 1 0 0 0/0 10:00 0:00 0:00
Jake Dotchin 0 1 1 1 0 2 1 0 0 0 0/0 10:10 0:00 0:00
JC Lipon 0 0 0 0 0 0 0 0 0 0 0/0 2:07 1:44 0:00
Laurent Dauphin 0 0 0 0 0 0 0 0 0 0 0/0 0:00 0:00 0:00
Lucas Wallmarkk 0 0 0 0 0 0 0 0 0 0 0/0 2:00 1:37 0:00
Mark Alt 0 0 0 -1 2 0 0 0 1 0 0/0 17:50 7:05 0:00
Michael Bournival 0 0 0 -2 0 8 5 1 0 0 0/0 23:37 8:56 0:32
Morgan Klimchuk 1 0 1 1 0 4 1 0 0 0 0/0 7:37 0:21 0:00
Nick Shore 0 0 0 -1 0 6 1 0 0 0 3/5 10:00 0:00 0:00
Nick Sorensen 0 0 0 1 0 0 1 0 0 0 0/0 7:27 0:11 0:00
Reid McNeill 0 0 0 -1 0 1 0 0 0 0 0/0 18:03 7:05 0:12
Rinat Valiev 0 0 0 0 0 0 0 0 0 0 0/0 4:20 0:00 0:00
Ryan Hartman 0 1 1 -1 0 0 0 1 0 0 0/0 16:37 7:50 0:00
Sven Andrighetto 0 0 0 -1 0 1 0 0 0 0 0/0 10:00 0:00 0:00
Tyler Brenner 0 0 0 -2 0 4 1 0 1 1 19/36 23:11 8:53 0:09
Tyler Randell 0 0 0 -2 0 3 1 1 0 2 4/5 23:37 8:56 0:32
Victor Bartley 1 0 1 -3 0 3 0 2 0 0 0/0 27:27 11:39 0:29
Players Stats for Diables
Player Name G A P +/- PIM S H SB GA TA FO MP PP MP PK MP
------------------------------------------------------------------------------------
Aleksander Barkov 0 2 2 2 0 5 0 1 1 0 3/10 12:04 0:08 0:11
Alex Tuch 0 1 1 2 0 2 0 0 0 0 0/1 11:22 0:00 0:00
Brandon Prust 0 0 0 0 0 1 1 1 0 0 0/1 19:57 0:00 6:09
Brett Lernout 0 0 0 0 2 0 0 0 0 0 0/0 9:53 0:00 4:14
Brock McGinn 2 1 3 3 2 4 1 0 1 0 1/2 21:19 0:33 9:24
C.J Suess 0 0 0 0 4 0 1 0 0 0 1/1 7:17 0:00 0:07
Carl Gunnarsson 0 0 0 0 2 2 0 2 0 2 0/0 21:44 0:00 5:35
Chris Bigras 0 0 0 0 0 0 0 0 0 0 0/0 0:28 0:00 0:13
Darroll Powe 0 0 0 0 0 0 2 0 1 0 6/17 19:29 0:00 5:31
Eric Gustafsson 0 0 0 1 4 1 0 3 0 0 0/0 19:28 0:00 8:15
Frederik Gauthier 1 0 1 1 0 2 1 0 0 1 14/26 19:20 0:33 11:06
Gustav Olofsson 0 0 0 2 0 0 0 0 0 0 0/0 9:39 0:00 1:27
Marc-André Bourdon 0 0 0 2 0 0 1 0 0 0 0/0 13:01 0:00 0:00
Mark Jankowski 0 0 0 0 2 0 1 0 0 0 0/1 9:16 0:00 1:56
Max Domi 1 1 2 0 2 2 2 0 0 0 0/0 17:34 0:08 2:53
Mikko Lehtonen 0 0 0 0 0 0 0 0 0 0 0/0 0:39 0:00 0:00
Nail Yakupov 0 0 0 0 2 1 0 1 0 0 0/1 7:44 0:33 0:00
Nikita Zadorov 0 1 1 1 0 0 1 1 0 0 0/0 19:04 0:41 6:39
Pavel Buchnevich 1 1 2 0 0 3 3 0 1 0 0/1 14:05 0:08 0:00
Will Butcher 0 1 1 0 0 3 3 3 1 2 0/0 27:44 0:41 11:16
3 Stars
1 - Brock McGinn (Alm)
2 - Pavel Buchnevich (Alm)
3 - Alex Nedeljkovic (Alm)
Power Play
Harfangs - 2 on 10 Attempt(s) - 20.00%
Diables - 1 on 1 Attempt(s) - 100.00%
Penalty Kill
Harfangs - 0 on 1 Attempt(s) - 0.00%
- Score 0 goal in Penalty Kill
Diables - 8 on 10 Attempt(s) - 80.00%
- Score 1 goal in Penalty Kill
Team Stat
Harfangs - Hits : 18 - Faceoff Wins : 36 - Blocked Shots : 10 - Penalty Minutes : 2
Diables - Hits : 17 - Faceoff Wins : 25 - Blocked Shots : 12 - Penalty Minutes : 20
Official
Referees : Unknown
Linesman : Unknown
Game Notes
Ilya Sorokin enters game at 4:50 of 2nd period
Finance
Level 1 -- Attendance: 1208 (60.40%) -- Ticket Income $48,320
Level 2 -- Attendance: 688 (68.80%) -- Ticket Income $13,760
Total Attendance: 1896 (63.20%)
Total Ticket Income: $62,080
Other Income: $3,104
Total Income: $65,184
Harfangs
5 vs 5 Forward
Center Left Wing Right Wing Time % Phy DF OF
1 Tyler Brenner Michael Bournival Tyler Randell 40 1 2 2
2 Calle Jarnkrok Brandon McMillan Ryan Hartman 30 1 2 2
3 Nick Shore Erik Nystrom Sven Andrighetto 20 1 2 2
4 Cristoval Nieves Morgan Klimchuk Nick Sorensen 10 1 2 2
5 vs 5 Defense
Defense Defense Time % Phy DF OF
1 Dylan Olsen Victor Bartley 40 1 2 2
2 Reid McNeill Mark Alt 30 1 2 2
3 Jake Dotchin Blake Heinrich 20 1 2 2
4 Devon Teows Rinat Valiev 10 1 2 2
PowerPlay Forward
Center Left Wing Right Wing Time % Phy DF OF
1 Tyler Brenner Michael Bournival Tyler Randell 60 1 2 2
2 Calle Jarnkrok Brandon McMillan Ryan Hartman 40 1 2 2
PowerPlay Defense
Defense Defense Time % Phy DF OF
1 Dylan Olsen Victor Bartley 60 1 2 2
2 Reid McNeill Mark Alt 40 1 2 2
Penalty Kill 4 Players Forward
Center Wing Time % Phy DF OF
1 Tyler Randell Michael Bournival 60 1 2 2
2 Tyler Brenner Calle Jarnkrok 40 1 2 2
Penalty Kill 4 Players Defense
Defense Defense Time % Phy DF OF
1 Dylan Olsen Victor Bartley 60 1 2 2
2 Reid McNeill Mark Alt 40 1 2 2
Penalty Kill - 3 Players Forward
Forward Time % Phy DF OF
1 Tyler Randell 60 1 2 2
2 Michael Bournival 40 1 2 2
Penalty Kill - 3 Players Defense
Defense Defense Time % Phy DF OF
1 Dylan Olsen Victor Bartley 60 1 2 2
2 Reid McNeill Mark Alt 40 1 2 2
4 vs 4 Forward
Center Wing Time % Phy DF OF
1 Tyler Randell Michael Bournival 60 1 2 2
2 Tyler Brenner Calle Jarnkrok 40 1 2 2
4 vs 4 Defense
Defense Defense Time % Phy DF OF
1 Dylan Olsen Victor Bartley 60 1 2 2
2 Reid McNeill Mark Alt 40 1 2 2
Last Minutes Offensive
Center Left Wing Right Wing Defense Defense
Tyler Brenner Michael Bournival Tyler Randell Dylan Olsen Victor Bartley
Last Minutes Defensive
Center Left Wing Right Wing Defense Defense
Tyler Brenner Michael Bournival Tyler Randell Dylan Olsen Victor Bartley
Goaltenders
Starting : Anton Forsberg
Backup : Ilya Sorokin
Extra Forwards
Normal : Brendan Leipsic, Lucas Wallmarkk, Laurent Dauphin - PP : Brendan Leipsic, Lucas Wallmarkk - PK : Laurent Dauphin
Extra Defensemen
Normal : Jake Dotchin, Blake Heinrich, Devon Teows - PP : Jake Dotchin - PK : Blake Heinrich, Devon Teows
Penalty Shots
Tyler Randell, Michael Bournival, Tyler Brenner, Calle Jarnkrok, Brandon McMillan
Scratches
Brenden Kichton (Broken Right Index Finger Injury), Justin Kirkland (Healthy), Jason Kasdorf (Healthy), Scott Wedgewood (Healthy), Zachary Fucale (Healthy)
Diables
5 vs 5 Forward
Center Left Wing Right Wing Time % Phy DF OF
1 Darroll Powe Max Domi Pavel Buchnevich 40 1 2 2
2 Aleksander Barkov Brock McGinn Alex Tuch 30 1 2 2
3 Frederik Gauthier Brandon Prust Nail Yakupov 20 1 2 2
4 Mark Jankowski C.J Suess Brandon Prust 10 1 2 2
5 vs 5 Defense
Defense Defense Time % Phy DF OF
1 Carl Gunnarsson Will Butcher 40 1 2 2
2 Nikita Zadorov Eric Gustafsson 30 1 2 2
3 Gustav Olofsson Marc-André Bourdon 20 1 2 2
4 Brett Lernout Marc-André Bourdon 10 1 2 2
PowerPlay Forward
Center Left Wing Right Wing Time % Phy DF OF
1 Frederik Gauthier Brock McGinn Nail Yakupov 60 1 2 2
2 Aleksander Barkov Max Domi Pavel Buchnevich 40 1 2 2
PowerPlay Defense
Defense Defense Time % Phy DF OF
1 Nikita Zadorov Will Butcher 60 1 2 2
2 Eric Gustafsson Carl Gunnarsson 40 1 2 2
Penalty Kill 4 Players Forward
Center Wing Time % Phy DF OF
1 Frederik Gauthier Brock McGinn 60 1 2 2
2 Darroll Powe Brandon Prust 40 1 2 2
Penalty Kill 4 Players Defense
Defense Defense Time % Phy DF OF
1 Will Butcher Eric Gustafsson 60 1 2 2
2 Nikita Zadorov Carl Gunnarsson 40 1 2 2
Penalty Kill - 3 Players Forward
Forward Time % Phy DF OF
1 Darroll Powe 60 1 2 2
2 Frederik Gauthier 40 1 2 2
Penalty Kill - 3 Players Defense
Defense Defense Time % Phy DF OF
1 Marc-André Bourdon Eric Gustafsson 60 1 2 2
2 Nikita Zadorov Will Butcher 40 1 2 2
4 vs 4 Forward
Center Wing Time % Phy DF OF
1 Darroll Powe Pavel Buchnevich 60 1 2 2
2 Frederik Gauthier Brock McGinn 40 1 2 2
4 vs 4 Defense
Defense Defense Time % Phy DF OF
1 Will Butcher Carl Gunnarsson 60 1 2 2
2 Chris Bigras Marc-André Bourdon 40 1 2 2
Last Minutes Offensive
Center Left Wing Right Wing Defense Defense
Darroll Powe Max Domi Pavel Buchnevich Eric Gustafsson Will Butcher
Last Minutes Defensive
Center Left Wing Right Wing Defense Defense
Frederik Gauthier Brock McGinn Pavel Buchnevich Eric Gustafsson Marc-André Bourdon
Goaltenders
Starting : Alex Nedeljkovic
Backup : Mark Visentin
Extra Forwards
Normal : Max Domi, Mark Jankowski, Frederik Gauthier - PP : Max Domi, Mark Jankowski - PK : Frederik Gauthier
Extra Defensemen
Normal : Gustav Olofsson, Nikita Zadorov, Will Butcher - PP : Chris Bigras - PK : Brett Lernout, Gustav Olofsson
Penalty Shots
Darroll Powe, Pavel Buchnevich, Brock McGinn, Brandon Prust, Alex Tuch
Scratches
Louis Leblanc (Healthy), Stephen Harper (Healthy), Emil Djuse (Healthy), Christian Thomas (Healthy), Cole Cassels (Healthy)
Jeremy Gregoire (Healthy), Zac Leslie (Right Knee Injury), Connor Hurley (Healthy), Andreas Johnsson (Healthy), Mike Zigomanis (Healthy)
Brett Ritchie (Healthy), Daniel Zaar (Healthy), Anders Bjork (Healthy), Hunter Smith (Healthy), Jack Campbell (Healthy)
% Time on Ice - Harfangs
Lines # - Real PCT - Wanted PCT - Time Play
Normal Forward
1 - 36% - 40% - 14:32
2 - 22% - 30% - 8:47
3 - 25% - 20% - 10:00
4 - 18% - 10% - 7:16
Normal Defense
1 - 38% - 40% - 15:19
2 - 27% - 30% - 10:46
3 - 25% - 20% - 10:10
4 - 11% - 10% - 4:20
PP Forward
1 - 54% - 60% - 10:06
2 - 46% - 40% - 8:38
PP Defense
1 - 62% - 60% - 11:39
2 - 38% - 40% - 7:05
PK Forward
1 - 78% - 60% - 0:32
2 - 22% - 40% - 0:09
PK Defense
1 - 71% - 60% - 0:29
2 - 29% - 40% - 0:12
PK3 Forward
1 - 0% - 60%
2 - 0% - 40%
PK3 Defense
1 - 0% - 60%
2 - 0% - 40%
44 Forward
1 - 0% - 60%
2 - 0% - 40%
44 Defense
1 - 0% - 60%
2 - 0% - 40%
Last Minute Offensive - 0:00
Last Minute Defensive - 0:00
Total
Forward - 60:00
Defense - 60:00
|
% Time on Ice - Diables
Lines # - Real PCT - Wanted PCT - Time Play
Normal Forward
1 - 37% - 40% - 14:55
2 - 28% - 30% - 11:22
3 - 18% - 20% - 7:12
4 - 17% - 10% - 7:06
Normal Defense
1 - 39% - 40% - 15:47
2 - 29% - 30% - 11:47
3 - 19% - 20% - 7:50
4 - 13% - 10% - 5:11
PP Forward
1 - 80% - 60% - 0:33
2 - 20% - 40% - 0:08
PP Defense
1 - 100% - 60% - 0:41
2 - 0% - 40% - 0:00
PK Forward
1 - 75% - 60% - 14:07
2 - 25% - 40% - 4:37
PK Defense
1 - 63% - 60% - 11:52
2 - 37% - 40% - 6:52
PK3 Forward
1 - 0% - 60%
2 - 0% - 40%
PK3 Defense
1 - 0% - 60%
2 - 0% - 40%
44 Forward
1 - 0% - 60%
2 - 0% - 40%
44 Defense
1 - 0% - 60%
2 - 0% - 40%
Last Minute Offensive - 0:00
Last Minute Defensive - 0:00
Total
Forward - 60:00
Defense - 60:00
|
Play-by-Play
1st period
0:01 of 1st period - Tyler Brenner wins face-off versus Darroll Powe in neutral zone.
0:16 of 1st period - Wrist shot by Darroll Powe.
0:16 of 1st period - Shot Blocked by Michael Bournival.
0:36 of 1st period - Snap shot by Brock McGinn.
0:36 of 1st period - Shot Misses the Net.
0:38 of 1st period - Snap shot by Aleksander Barkov.
0:38 of 1st period - Stopped by Anton Forsberg with a rebound.
0:40 of 1st period - Wrist shot by Brock McGinn.
0:40 of 1st period - Shot Blocked by Brandon McMillan.
0:49 of 1st period - Off-side.
0:50 of 1st period - Nick Shore wins face-off versus Frederik Gauthier in neutral zone.
1:01 of 1st period - Snap shot by Nick Shore.
1:01 of 1st period - Stopped by Alex Nedeljkovic with a rebound.
1:03 of 1st period - Wrist shot by Mark Alt.
1:03 of 1st period - Shot Misses the Net.
1:38 of 1st period - Wrist shot by Aleksander Barkov.
1:38 of 1st period - Stopped by Anton Forsberg without a rebound.
1:39 of 1st period - Calle Jarnkrok wins face-off versus Aleksander Barkov in Harfangs zone.
2:37 of 1st period - Snap shot by Pavel Buchnevich.
2:37 of 1st period - Shot Misses the Net.
3:07 of 1st period - Slapshot by Aleksander Barkov.
3:07 of 1st period - Shot Blocked by Calle Jarnkrok.
4:09 of 1st period - Frederik Gauthier is hit by Morgan Klimchuk and loses puck.
5:09 of 1st period - Snap shot by Calle Jarnkrok.
5:09 of 1st period - Shot Misses the Net.
6:08 of 1st period - Backhand shot by Erik Nystrom.
6:08 of 1st period - Stopped by Alex Nedeljkovic with a rebound.
6:23 of 1st period - Nikita Zadorov is hit by Michael Bournival and loses puck.
6:48 of 1st period - Frederik Gauthier is hit by Nick Sorensen and loses puck.
7:09 of 1st period - Mikko Lehtonen is hit by Brandon McMillan and loses puck.
7:32 of 1st period - Pavel Buchnevich is hit by Michael Bournival and loses puck.
7:53 of 1st period - Slapshot by Brock McGinn.
7:53 of 1st period - Stopped by Anton Forsberg without a rebound.
7:54 of 1st period - Calle Jarnkrok wins face-off versus Aleksander Barkov in Harfangs zone.
7:54 of 1st period - Calle Jarnkrok is hit by Brock McGinn.
8:17 of 1st period - Brandon Prust is hit by Nick Shore and loses puck.
9:00 of 1st period - Wrist shot by Aleksander Barkov.
9:00 of 1st period - Stopped by Anton Forsberg without a rebound.
9:01 of 1st period - Aleksander Barkov wins face-off versus Tyler Brenner in Harfangs zone.
9:04 of 1st period - Snap shot by Aleksander Barkov.
9:04 of 1st period - Shot Blocked by Dylan Olsen.
9:06 of 1st period - Backhand shot by Alex Tuch.
9:06 of 1st period - Stopped by Anton Forsberg with a rebound.
9:08 of 1st period - Slapshot by Aleksander Barkov.
9:08 of 1st period - Stopped by Anton Forsberg with a rebound.
9:10 of 1st period - Snap shot by Alex Tuch.
9:10 of 1st period - Stopped by Anton Forsberg with a rebound.
9:12 of 1st period - Wrist shot by Brock McGinn.
9:12 of 1st period - Goal by Brock McGinn - Harfangs : 0 - Diables : 1.
9:13 of 1st period - Tyler Brenner wins face-off versus Darroll Powe in neutral zone.
9:24 of 1st period - Snap shot by Michael Bournival.
9:24 of 1st period - Stopped by Alex Nedeljkovic with a rebound.
9:26 of 1st period - Snap shot by Dylan Olsen.
9:26 of 1st period - Stopped by Alex Nedeljkovic without a rebound.
9:27 of 1st period - Darroll Powe wins face-off versus Calle Jarnkrok in Diables zone.
9:32 of 1st period - Snap shot by Calle Jarnkrok.
9:32 of 1st period - Stopped by Alex Nedeljkovic without a rebound.
9:33 of 1st period - Calle Jarnkrok wins face-off versus Pavel Buchnevich in Diables zone.
9:34 of 1st period - Wrist shot by Brandon McMillan.
9:34 of 1st period - Shot Misses the Net.
9:36 of 1st period - Slapshot by Dylan Olsen.
9:36 of 1st period - Shot Blocked by Carl Gunnarsson.
9:38 of 1st period - Slapshot by Dylan Olsen.
9:38 of 1st period - Deflect By Pavel Buchnevich.
9:38 of 1st period - Stopped by Alex Nedeljkovic without a rebound.
9:39 of 1st period - Darroll Powe wins face-off versus Tyler Brenner in Diables zone.
9:41 of 1st period - Icing by Max Domi.
9:42 of 1st period - Tyler Brenner wins face-off versus Darroll Powe in Diables zone.
9:53 of 1st period - Max Domi is hit by Blake Heinrich and loses puck.
10:13 of 1st period - Brandon Prust is hit by Jake Dotchin and loses puck.
11:46 of 1st period - Snap shot by Dylan Olsen.
11:46 of 1st period - Shot Blocked by Nikita Zadorov.
11:48 of 1st period - Snap shot by Sven Andrighetto.
11:48 of 1st period - Stopped by Alex Nedeljkovic with a rebound.
11:50 of 1st period - Wrist shot by Dylan Olsen.
11:50 of 1st period - Stopped by Alex Nedeljkovic without a rebound.
11:51 of 1st period - Tyler Randell wins face-off versus Aleksander Barkov in Diables zone.
12:19 of 1st period - Snap shot by Aleksander Barkov.
12:19 of 1st period - Shot Blocked by Ryan Hartman.
12:21 of 1st period - Wrist shot by Frederik Gauthier.
12:21 of 1st period - Stopped by Anton Forsberg with a rebound.
12:43 of 1st period - Snap shot by Pavel Buchnevich.
12:43 of 1st period - Shot Misses the Net.
12:45 of 1st period - Slapshot by Pavel Buchnevich.
12:45 of 1st period - Stopped by Anton Forsberg with a rebound.
12:47 of 1st period - Slapshot by Eric Gustafsson.
12:47 of 1st period - Stopped by Anton Forsberg with a rebound.
13:52 of 1st period - Snap shot by Max Domi.
13:52 of 1st period - Shot Misses the Net.
13:54 of 1st period - Snap shot by Max Domi.
13:54 of 1st period - Stopped by Anton Forsberg without a rebound.
13:55 of 1st period - Darroll Powe wins face-off versus Calle Jarnkrok in Harfangs zone.
14:06 of 1st period - Slapshot by Calle Jarnkrok.
14:06 of 1st period - Stopped by Alex Nedeljkovic with a rebound.
14:18 of 1st period - Tyler Randell is hit by Darroll Powe and loses puck.
14:33 of 1st period - Snap shot by Pavel Buchnevich.
14:33 of 1st period - Goal by Pavel Buchnevich - Harfangs : 0 - Diables : 2.
14:34 of 1st period - Frederik Gauthier wins face-off versus Tyler Brenner in neutral zone.
14:47 of 1st period - Nail Yakupov is hit by Tyler Randell and loses puck.
15:06 of 1st period - Will Butcher is hit by Erik Nystrom and loses puck.
15:11 of 1st period - Slapshot by Nick Shore.
15:11 of 1st period - Stopped by Alex Nedeljkovic without a rebound.
15:12 of 1st period - Calle Jarnkrok wins face-off versus Darroll Powe in Diables zone.
15:26 of 1st period - Minor Penalty to Mark Alt for Hooking.
15:27 of 1st period - Tyler Randell wins face-off versus Frederik Gauthier in Harfangs zone.
16:07 of 1st period - Snap shot by Max Domi.
16:07 of 1st period - Goal by Max Domi - Harfangs : 0 - Diables : 3.
16:08 of 1st period - Tyler Brenner wins face-off versus Darroll Powe in neutral zone.
18:17 of 1st period - Icing by Dylan Olsen.
18:18 of 1st period - Aleksander Barkov wins face-off versus Nick Shore in Harfangs zone.
18:19 of 1st period - Slapshot by Brock McGinn.
18:19 of 1st period - Shot Blocked by Erik Nystrom.
18:27 of 1st period - Snap shot by Nick Shore.
18:27 of 1st period - Stopped by Alex Nedeljkovic with a rebound.
18:31 of 1st period - Snap shot by Nick Shore.
18:31 of 1st period - Stopped by Alex Nedeljkovic without a rebound.
18:32 of 1st period - Tyler Brenner wins face-off versus Darroll Powe in Diables zone.
19:01 of 1st period - Snap shot by Brandon McMillan.
19:01 of 1st period - Shot Misses the Net.
19:03 of 1st period - Slapshot by Dylan Olsen.
19:03 of 1st period - Shot Misses the Net.
19:32 of 1st period - Minor Penalty to Eric Gustafsson for Tripping.
19:33 of 1st period - Frederik Gauthier wins face-off versus Tyler Brenner in Diables zone.
19:33 of 1st period - Frederik Gauthier is hit by Michael Bournival.
Goals for this period are 0 for Harfangs vs 3 for Diables.
Shots for this period are 12 for Harfangs vs 14 for Diables.
2nd period
0:01 of 2nd period - Frederik Gauthier wins face-off versus Tyler Brenner in neutral zone.
0:13 of 2nd period - Icing by Tyler Randell.
0:14 of 2nd period - Tyler Brenner wins face-off versus Frederik Gauthier in Harfangs zone.
0:25 of 2nd period - Slapshot by Victor Bartley.
0:25 of 2nd period - Stopped by Alex Nedeljkovic with a rebound.
0:27 of 2nd period - Slapshot by Dylan Olsen.
0:27 of 2nd period - Stopped by Alex Nedeljkovic with a rebound.
0:29 of 2nd period - Slapshot by Dylan Olsen.
0:29 of 2nd period - Shot Blocked by Will Butcher.
0:35 of 2nd period - Wrist shot by Tyler Brenner.
0:35 of 2nd period - Stopped by Alex Nedeljkovic without a rebound.
0:36 of 2nd period - Calle Jarnkrok wins face-off versus Frederik Gauthier in Diables zone.
0:51 of 2nd period - Snap shot by Calle Jarnkrok.
0:51 of 2nd period - Deflect By Brandon McMillan.
0:51 of 2nd period - Shot Blocked by Will Butcher.
0:51 of 2nd period - Puck is out of play.
0:52 of 2nd period - Frederik Gauthier wins face-off versus Tyler Brenner in Diables zone.
1:17 of 2nd period - Ryan Hartman is hit by Darroll Powe and loses puck.
1:32 of 2nd period - Penalty to Eric Gustafsson is over, Eric Gustafsson is back on ice.
2:12 of 2nd period - Wrist shot by Morgan Klimchuk.
2:12 of 2nd period - Goal by Morgan Klimchuk - Harfangs : 1 - Diables : 3.
2:13 of 2nd period - Tyler Randell wins face-off versus Aleksander Barkov in neutral zone.
2:34 of 2nd period - Minor Penalty to Brock McGinn for Tripping.
2:35 of 2nd period - Frederik Gauthier wins face-off versus Tyler Brenner in Diables zone.
2:48 of 2nd period - Slapshot by Will Butcher.
2:48 of 2nd period - Deflect By Frederik Gauthier.
2:48 of 2nd period - Shot Misses the Net.
2:48 of 2nd period - Puck is out of play.
2:49 of 2nd period - Frederik Gauthier wins face-off versus Tyler Brenner in Harfangs zone.
2:50 of 2nd period - Slapshot by Will Butcher.
2:50 of 2nd period - Shot Blocked by Dylan Olsen.
3:10 of 2nd period - Brandon Prust is hit by Michael Bournival and loses puck.
4:32 of 2nd period - Calle Jarnkrok is hit by Max Domi and loses puck.
4:34 of 2nd period - Penalty to Brock McGinn is over, Brock McGinn is back on ice.
4:50 of 2nd period - Snap shot by Brock McGinn.
4:50 of 2nd period - Goal by Brock McGinn - Harfangs : 1 - Diables : 4.
4:50 of 2nd period - Ilya Sorokin enters game.
4:51 of 2nd period - Tyler Brenner wins face-off versus Aleksander Barkov in neutral zone.
5:25 of 2nd period - Slapshot by Will Butcher.
5:25 of 2nd period - Shot Misses the Net.
5:46 of 2nd period - Wrist shot by Pavel Buchnevich.
5:46 of 2nd period - Stopped by Ilya Sorokin with a rebound.
5:57 of 2nd period - Off-side.
5:58 of 2nd period - Tyler Brenner wins face-off versus Frederik Gauthier in neutral zone.
6:01 of 2nd period - Wrist shot by Tyler Randell.
6:01 of 2nd period - Shot Blocked by Eric Gustafsson.
6:25 of 2nd period - Snap shot by Brandon McMillan.
6:25 of 2nd period - Shot Blocked by Eric Gustafsson.
7:31 of 2nd period - Snap shot by Tyler Brenner.
7:31 of 2nd period - Stopped by Alex Nedeljkovic with a rebound.
7:37 of 2nd period - Minor Penalty to Max Domi for Holding.
7:38 of 2nd period - Frederik Gauthier wins face-off versus Tyler Brenner in Diables zone.
7:56 of 2nd period - Icing by Tyler Brenner.
7:57 of 2nd period - Frederik Gauthier wins face-off versus Tyler Brenner in Harfangs zone.
8:08 of 2nd period - Slapshot by Brock McGinn.
8:08 of 2nd period - Deflect By Frederik Gauthier.
8:08 of 2nd period - Shot Misses the Net.
8:08 of 2nd period - Puck is out of play.
8:09 of 2nd period - Calle Jarnkrok wins face-off versus Frederik Gauthier in Harfangs zone.
8:40 of 2nd period - Wrist shot by Tyler Randell.
8:40 of 2nd period - Deflect By Tyler Brenner.
8:40 of 2nd period - Shot Misses the Net.
8:40 of 2nd period - Puck is out of play.
8:41 of 2nd period - Tyler Brenner wins face-off versus Frederik Gauthier in Diables zone.
8:50 of 2nd period - Snap shot by Michael Bournival.
8:50 of 2nd period - Shot Hit the Post.
8:52 of 2nd period - Slapshot by Reid McNeill.
8:52 of 2nd period - Deflect By Carl Gunnarsson.
8:52 of 2nd period - Stopped by Alex Nedeljkovic without a rebound.
8:53 of 2nd period - Tyler Brenner wins face-off versus Frederik Gauthier in Diables zone.
9:28 of 2nd period - Slapshot by Brandon McMillan.
9:28 of 2nd period - Deflect By Calle Jarnkrok.
9:28 of 2nd period - Goal by Calle Jarnkrok - Harfangs : 2 - Diables : 4.
9:29 of 2nd period - Tyler Randell wins face-off versus Darroll Powe in neutral zone.
9:38 of 2nd period - Slapshot by Darroll Powe.
9:38 of 2nd period - Shot Blocked by Victor Bartley.
10:15 of 2nd period - Slapshot by Nick Shore.
10:15 of 2nd period - Deflect By Eric Gustafsson.
10:15 of 2nd period - Stopped by Alex Nedeljkovic with a rebound.
10:37 of 2nd period - Victor Bartley is hit by Pavel Buchnevich and loses puck.
10:52 of 2nd period - Dylan Olsen is hit by C.J Suess and loses puck.
11:44 of 2nd period - Snap shot by Will Butcher.
11:44 of 2nd period - Stopped by Ilya Sorokin without a rebound.
11:45 of 2nd period - Tyler Brenner wins face-off versus Darroll Powe in Harfangs zone.
12:00 of 2nd period - Wrist shot by Pavel Buchnevich.
12:00 of 2nd period - Shot Misses the Net.
12:35 of 2nd period - Reid McNeill is hit by Max Domi.
12:55 of 2nd period - Slapshot by Brandon Prust.
12:55 of 2nd period - Stopped by Ilya Sorokin without a rebound.
12:56 of 2nd period - C.J Suess wins face-off versus Cristoval Nieves in Harfangs zone.
13:01 of 2nd period - Snap shot by Will Butcher.
13:01 of 2nd period - Stopped by Ilya Sorokin without a rebound.
13:02 of 2nd period - Darroll Powe wins face-off versus Tyler Randell in Harfangs zone.
13:03 of 2nd period - Wrist shot by Max Domi.
13:03 of 2nd period - Shot Misses the Net.
13:05 of 2nd period - Snap shot by Max Domi.
13:05 of 2nd period - Shot Hit the Post.
13:07 of 2nd period - Slapshot by Pavel Buchnevich.
13:07 of 2nd period - Shot Misses the Net.
13:09 of 2nd period - Snap shot by Carl Gunnarsson.
13:09 of 2nd period - Stopped by Ilya Sorokin without a rebound.
13:10 of 2nd period - Darroll Powe wins face-off versus Tyler Brenner in Harfangs zone.
13:17 of 2nd period - Snap shot by Tyler Randell.
13:17 of 2nd period - Stopped by Alex Nedeljkovic without a rebound.
13:18 of 2nd period - Tyler Brenner wins face-off versus Darroll Powe in Diables zone.
13:45 of 2nd period - Slapshot by Victor Bartley.
13:45 of 2nd period - Shot Blocked by Aleksander Barkov.
13:47 of 2nd period - Snap shot by Calle Jarnkrok.
13:47 of 2nd period - Shot Misses the Net.
13:49 of 2nd period - Slapshot by Victor Bartley.
13:49 of 2nd period - Shot Misses the Net.
14:11 of 2nd period - Snap shot by Brandon Prust.
14:11 of 2nd period - Shot Misses the Net.
14:44 of 2nd period - Snap shot by Brandon Prust.
14:44 of 2nd period - Deflect By C.J Suess.
14:44 of 2nd period - Shot Blocked by Tyler Randell.
14:44 of 2nd period - Puck is out of play.
14:45 of 2nd period - Tyler Brenner wins face-off versus Mark Jankowski in Harfangs zone.
14:50 of 2nd period - Wrist shot by Tyler Brenner.
14:50 of 2nd period - Stopped by Alex Nedeljkovic without a rebound.
14:51 of 2nd period - Tyler Brenner wins face-off versus Brandon Prust in Diables zone.
14:54 of 2nd period - Snap shot by Michael Bournival.
14:54 of 2nd period - Stopped by Alex Nedeljkovic with a rebound.
14:56 of 2nd period - Snap shot by Tyler Randell.
14:56 of 2nd period - Stopped by Alex Nedeljkovic with a rebound.
14:58 of 2nd period - Slapshot by Blake Heinrich.
14:58 of 2nd period - Stopped by Alex Nedeljkovic with a rebound.
15:00 of 2nd period - Slapshot by Blake Heinrich.
15:00 of 2nd period - Stopped by Alex Nedeljkovic with a rebound.
15:06 of 2nd period - Snap shot by Michael Bournival.
15:06 of 2nd period - Stopped by Alex Nedeljkovic with a rebound.
15:12 of 2nd period - Wrist shot by Michael Bournival.
15:12 of 2nd period - Stopped by Alex Nedeljkovic with a rebound.
15:51 of 2nd period - Snap shot by Michael Bournival.
15:51 of 2nd period - Stopped by Alex Nedeljkovic with a rebound.
15:53 of 2nd period - Wrist shot by Michael Bournival.
15:53 of 2nd period - Shot Misses the Net.
15:55 of 2nd period - Backhand shot by Blake Heinrich.
15:55 of 2nd period - Shot Misses the Net.
15:59 of 2nd period - Snap shot by Michael Bournival.
15:59 of 2nd period - Stopped by Alex Nedeljkovic with a rebound.
16:05 of 2nd period - Snap shot by Tyler Brenner.
16:05 of 2nd period - Stopped by Alex Nedeljkovic with a rebound.
16:13 of 2nd period - Backhand shot by Michael Bournival.
16:13 of 2nd period - Shot Misses the Net.
16:15 of 2nd period - Slapshot by Tyler Randell.
16:15 of 2nd period - Shot Misses the Net.
16:17 of 2nd period - Snap shot by Jake Dotchin.
16:17 of 2nd period - Deflect By Mark Jankowski.
16:17 of 2nd period - Stopped by Alex Nedeljkovic with a rebound.
16:50 of 2nd period - Minor Penalty to Brett Lernout for Holding.
16:51 of 2nd period - Calle Jarnkrok wins face-off versus Frederik Gauthier in Diables zone.
16:55 of 2nd period - Wrist shot by Calle Jarnkrok.
16:55 of 2nd period - Stopped by Alex Nedeljkovic without a rebound.
16:56 of 2nd period - Calle Jarnkrok wins face-off versus Frederik Gauthier in Diables zone.
18:50 of 2nd period - Penalty to Brett Lernout is over, Brett Lernout is back on ice.
19:07 of 2nd period - Sven Andrighetto is hit by Brandon Prust and loses puck.
Goals for this period are 2 for Harfangs vs 1 for Diables.
Shots for this period are 21 for Harfangs vs 6 for Diables.
3rd period
0:01 of 3rd period - Tyler Brenner wins face-off versus Darroll Powe in neutral zone.
0:14 of 3rd period - Wrist shot by Michael Bournival.
0:14 of 3rd period - Stopped by Alex Nedeljkovic without a rebound.
0:15 of 3rd period - Calle Jarnkrok wins face-off versus Brock McGinn in Diables zone.
0:16 of 3rd period - Snap shot by Brandon McMillan.
0:16 of 3rd period - Stopped by Alex Nedeljkovic with a rebound.
0:42 of 3rd period - Victor Bartley is hit by Will Butcher.
0:48 of 3rd period - Carl Gunnarsson is hit by Dylan Olsen and loses puck.
0:54 of 3rd period - Off-side.
0:55 of 3rd period - Nick Shore wins face-off versus Nail Yakupov in neutral zone.
1:20 of 3rd period - Tyler Randell is hit by Pavel Buchnevich and loses puck.
1:30 of 3rd period - Minor Penalty to Eric Gustafsson for Interference.
1:31 of 3rd period - Frederik Gauthier wins face-off versus Tyler Brenner in Diables zone.
3:30 of 3rd period - Penalty to Eric Gustafsson is over, Eric Gustafsson is back on ice.
3:42 of 3rd period - Gustav Olofsson is hit by Dylan Olsen and loses puck.
4:08 of 3rd period - Minor Penalty to Mark Jankowski for Hooking.
4:09 of 3rd period - Brock McGinn wins face-off versus Tyler Brenner in Diables zone.
4:24 of 3rd period - Snap shot by Michael Bournival.
4:24 of 3rd period - Stopped by Alex Nedeljkovic with a rebound.
4:45 of 3rd period - Eric Gustafsson is hit by Brandon McMillan and loses puck.
6:08 of 3rd period - Penalty to Mark Jankowski is over, Mark Jankowski is back on ice.
6:50 of 3rd period - Snap shot by Morgan Klimchuk.
6:50 of 3rd period - Stopped by Alex Nedeljkovic with a rebound.
7:18 of 3rd period - Minor Penalty to Carl Gunnarsson for Roughing.
7:19 of 3rd period - Tyler Brenner wins face-off versus Frederik Gauthier in Diables zone.
7:50 of 3rd period - Slapshot by Victor Bartley.
7:50 of 3rd period - Shot Misses the Net.
9:16 of 3rd period - Snap shot by Dylan Olsen.
9:16 of 3rd period - Stopped by Alex Nedeljkovic with a rebound.
9:18 of 3rd period - Penalty to Carl Gunnarsson is over, Carl Gunnarsson is back on ice.
9:20 of 3rd period - Slapshot by Victor Bartley.
9:20 of 3rd period - Stopped by Alex Nedeljkovic without a rebound.
9:21 of 3rd period - Brendan Leipsic wins face-off versus Darroll Powe in Diables zone.
9:44 of 3rd period - Alex Tuch is hit by Devon Teows and loses puck.
10:11 of 3rd period - Snap shot by Morgan Klimchuk.
10:11 of 3rd period - Stopped by Alex Nedeljkovic with a rebound.
10:13 of 3rd period - Double Minor Penalty to C.J Suess for Roughing.
10:14 of 3rd period - Frederik Gauthier wins face-off versus Tyler Brenner in Diables zone.
10:14 of 3rd period - Frederik Gauthier is hit by Michael Bournival.
11:09 of 3rd period - Icing by Tyler Brenner.
11:10 of 3rd period - Frederik Gauthier wins face-off versus Tyler Brenner in Harfangs zone.
11:11 of 3rd period - Slapshot by Will Butcher.
11:11 of 3rd period - Shot Blocked by Victor Bartley.
11:42 of 3rd period - Will Butcher is hit by Tyler Brenner and loses puck.
12:56 of 3rd period - Ryan Hartman is hit by Mark Jankowski and loses puck.
13:09 of 3rd period - Brendan Leipsic is hit by Frederik Gauthier.
14:13 of 3rd period - Penalty to C.J Suess is over, C.J Suess is back on ice.
14:55 of 3rd period - Jake Dotchin is hit by Marc-André Bourdon and loses puck.
14:59 of 3rd period - Icing by Cristoval Nieves.
15:00 of 3rd period - Aleksander Barkov wins face-off versus Cristoval Nieves in Harfangs zone.
15:23 of 3rd period - Snap shot by Morgan Klimchuk.
15:23 of 3rd period - Stopped by Alex Nedeljkovic with a rebound.
15:25 of 3rd period - Snap shot by Blake Heinrich.
15:25 of 3rd period - Stopped by Alex Nedeljkovic with a rebound.
15:27 of 3rd period - Slapshot by Blake Heinrich.
15:27 of 3rd period - Shot Misses the Net.
15:29 of 3rd period - Slapshot by Jake Dotchin.
15:29 of 3rd period - Shot Blocked by Will Butcher.
15:31 of 3rd period - Snap shot by Jake Dotchin.
15:31 of 3rd period - Shot Blocked by Carl Gunnarsson.
15:33 of 3rd period - Slapshot by Jake Dotchin.
15:33 of 3rd period - Stopped by Alex Nedeljkovic without a rebound.
15:34 of 3rd period - Nick Shore wins face-off versus Alex Tuch in Diables zone.
16:00 of 3rd period - Michael Bournival is hit by Pavel Buchnevich and loses puck.
16:19 of 3rd period - Snap shot by Brandon Prust.
16:19 of 3rd period - Shot Misses the Net.
16:31 of 3rd period - Snap shot by Brock McGinn.
16:31 of 3rd period - Stopped by Ilya Sorokin with a rebound.
16:33 of 3rd period - Snap shot by Aleksander Barkov.
16:33 of 3rd period - Stopped by Ilya Sorokin with a rebound.
17:20 of 3rd period - Wrist shot by Nick Shore.
17:20 of 3rd period - Stopped by Alex Nedeljkovic with a rebound.
17:22 of 3rd period - Wrist shot by Sven Andrighetto.
17:22 of 3rd period - Shot Blocked by Brandon Prust.
17:28 of 3rd period - Minor Penalty to Nail Yakupov for Slashing.
17:29 of 3rd period - Frederik Gauthier wins face-off versus Tyler Brenner in Diables zone.
17:44 of 3rd period - Michael Bournival is hit by Will Butcher and loses puck.
17:56 of 3rd period - Off-side.
17:57 of 3rd period - Darroll Powe wins face-off versus Brandon McMillan in neutral zone.
18:16 of 3rd period - Snap shot by Frederik Gauthier.
18:16 of 3rd period - Goal by Frederik Gauthier - Harfangs : 2 - Diables : 5.
18:17 of 3rd period - Frederik Gauthier wins face-off versus Tyler Brenner in neutral zone.
18:28 of 3rd period - Slapshot by Victor Bartley.
18:28 of 3rd period - Goal by Victor Bartley - Harfangs : 3 - Diables : 5.
18:29 of 3rd period - Frederik Gauthier wins face-off versus Nick Shore in neutral zone.
19:00 of 3rd period - Wrist shot by Tyler Randell.
19:00 of 3rd period - Stopped by Alex Nedeljkovic without a rebound.
19:01 of 3rd period - Tyler Brenner wins face-off versus Frederik Gauthier in Diables zone.
19:16 of 3rd period - Snap shot by Tyler Brenner.
19:16 of 3rd period - Shot Blocked by Nail Yakupov.
19:18 of 3rd period - Slapshot by Reid McNeill.
19:18 of 3rd period - Shot Misses the Net.
19:20 of 3rd period - Slapshot by Reid McNeill.
19:20 of 3rd period - Shot Misses the Net.
19:22 of 3rd period - Snap shot by Michael Bournival.
19:22 of 3rd period - Shot Blocked by Eric Gustafsson.
19:28 of 3rd period - Victor Bartley is hit by Nikita Zadorov and loses puck.
19:35 of 3rd period - Snap shot by Nail Yakupov.
19:35 of 3rd period - Stopped by Ilya Sorokin with a rebound.
19:37 of 3rd period - Slapshot by Eric Gustafsson.
19:37 of 3rd period - Deflect By Nail Yakupov.
19:37 of 3rd period - Shot Misses the Net.
19:37 of 3rd period - Puck is out of play.
19:38 of 3rd period - Tyler Brenner wins face-off versus Aleksander Barkov in Harfangs zone.
19:47 of 3rd period - Slapshot by Carl Gunnarsson.
19:47 of 3rd period - Stopped by Ilya Sorokin with a rebound.
19:49 of 3rd period - Slapshot by Will Butcher.
19:49 of 3rd period - Stopped by Ilya Sorokin without a rebound.
19:50 of 3rd period - Tyler Brenner wins face-off versus Aleksander Barkov in Harfangs zone.
19:50 of 3rd period - Tyler Brenner is hit by Will Butcher.
Goals for this period are 1 for Harfangs vs 1 for Diables.
Shots for this period are 13 for Harfangs vs 6 for Diables.
Back to the Top